 Dungeon Crawl Stone Soup version 0.31-a0-655-gf2d5465dac (webtiles) character file.

Game seed: 7535717529623466234

63 MacCMillion the Shield-Bearer (level 4, -1/38 HPs)
             Began as a Ghoul Fighter on Aug 30, 2023.
             Slain by Terence
             ... wielding a +0 flail
              (2 damage)
             ... on level 3 of the Dungeon.
             The game lasted 00:02:09 (1992 turns).

MacCMillion the Shield-Bearer (Ghoul Fighter)       Turns: 1992, Time: 00:02:09

Health: -1/38      AC:  6    Str: 21    XL:     4   Next: 10%
Magic:  3/3        EV:  9    Int:  3    God:
Gold:   55         SH:  4    Dex:  8    Spells: 3/3 levels left

rFire   . . .        a - +0 war axe
rCold   + . .        c - +0 buckler
rNeg    + + +        b - +0 scale mail
rPois   ∞            (no helmet)
rElec   .            (no cloak)
rCorr   .            (no gloves)
SInv    .            (no boots)
Will    .....        (no amulet) Stlth
                     (no ring)
HPRegen 0.00/turn    (no ring)
MPRegen 0.08/turn

%: no passive effects
@: mighty, inhibited regen
A: claws 1, cold resistance 1, negative energy resistance 3, inhibited
regeneration, torment resistance 2, devour on kill
a: no special abilities


You were on level 3 of the Dungeon.
You visited 1 branch of the dungeon, and saw 3 of its levels.

You collected 55 gold pieces.

Inventory:

Hand Weapons
 a - a +0 war axe (weapon)
Missiles
 e - 10 javelins
 j - 3 boomerangs
 k - 3 curare-tipped darts
 r - 3 poisoned darts
Armour
 b - a +0 scale mail (worn)
 c - a +0 buckler (worn)
Wands
 p - a wand of polymorph (19)
Scrolls
 g - a scroll of blinking {unknown}
 h - a scroll of fog {unknown}
 i - a scroll of vulnerability {unknown}
 l - 2 scrolls of noise {unknown}
 m - a scroll of identify {unknown}
 n - a scroll of poison {unknown}
Potions
 f - 2 potions of curing {unknown}
 o - a potion of berserk rage {unknown}
 q - a potion of invisibility {unknown}


   Skills:
 - Level 3.2 Fighting
 + Level 3.0 Axes
 - Level 2.6 Armour
 + Level 3.6 Shields


You had 3 spell levels left.
You didn't know any spells.
Your spell library contained the following spells:

 Spells                   Type           Power      Damage    Failure   Level
 Sandblast                Erth           0%         2d4       91%         1
 Passwall                 Tmut/Erth      0%         N/A       97%         2
 Gell's Gravitas          Tloc           0%         N/A       99%         3
 Stone Arrow              Conj/Erth      0%         3d7       99%         3
 Teleport Other           Tloc           0%         N/A       99%         3
 Dispersal                Tloc           0%         N/A       100%        6


Dungeon Overview and Level Annotations

Branches:
Dungeon (3/15)

Altars:
Ashenzari

Annotations:
D:3 Terence


Innate Abilities, Weirdness & Mutations

You are immune to poison.
You have sharp fingernails.
Your flesh is cold resistant. (rC+)
You are immune to negative energy. (rN+++)
You do not regenerate when monsters are visible.
You are immune to unholy pain and torment.
You thrive by killing the living.


Message History

Found 2 stones.
Found a stone staircase leading down.
Terence the Incautious comes into view.
He is wielding a +0 flail.
Found 8 gold pieces.
Terence shouts!
You hear an angry hiss.
A frilled lizard comes into view.
Terence moves out of view.
A frilled lizard is nearby!
A frilled lizard is nearby!
An orc comes into view. It is wielding a +0 hand axe.
You completely miss the frilled lizard.
The orc shouts!
You hear an angry hiss.
The frilled lizard completely misses you.
You hit the frilled lizard.
You kill the frilled lizard!
A ball python comes into view.
Terence hits you with a +0 flail!
You closely miss Terence. You block Terence's attack.
You hit Terence but do no damage. Terence hits you with a +0 flail!
You completely miss Terence. Terence barely misses you.
You block Terence's attack.
You feel very mighty all of a sudden. Terence hits you with a +0 flail.
You closely miss Terence. Terence hits you but does no damage.
You closely miss Terence. Terence hits you with a +0 flail!
You barely miss Terence. You block Terence's attack.
Terence completely misses you.
You hit Terence.
Terence is moderately wounded.
Terence barely misses you.
You slash Terence!
Terence is almost dead.
Terence hits you with a +0 flail.
* * * LOW HITPOINT WARNING * * *
You barely miss Terence.
Terence is almost dead.
Terence hits you with a +0 flail!
* * * LOW HITPOINT WARNING * * *
Terence hits you with a +0 flail.
You die...

....#. .
#.....#... ..
##......... ...
.......... ....
.......... .....
.......#.###S..###
..........@@o....#
..........##......
..........# .....
..........# ....
.# .......#..# ...
.## .......#..# ..
..) .(.......#..#
. ...
.........#..###
...
........$#....##


You could see Terence, an orc and a ball python.

Vanquished Creatures
  An adder (D:3)
  3 dart slugs (D:1)
  3 ball pythons
  7 endoplasms
  A giant cockroach (D:1)
  2 goblins (D:1)
  7 hobgoblins
  2 jackals (D:1)
  A quokka (D:2)
  4 bats
  4 frilled lizards
  5 kobolds
  5 rats
45 creatures vanquished.

Notes
Turn   | Place    | Note
-------+----------+-------------------------------------------
     0 | D:1      | MacCMillion the Ghoul Fighter began the quest for the Orb.
     0 | D:1      | Reached XP level 1. HP: 19/19 MP: 0/0
    67 | D:1      | Reached XP level 2. HP: 25/26 MP: 1/1
   552 | D:1      | Reached XP level 3. HP: 28/31 MP: 2/2
   682 | D:1      | Found a faded altar of an unknown god.
  1163 | D:2      | Found a broken altar of Ashenzari.
  1855 | D:3      | Reached XP level 4. HP: 27/38 MP: 3/3
  1977 | D:3      | Noticed Terence
  1992 | D:3      | HP: 1/38 [Terence/+0 flail (7)]
  1992 | D:3      | Slain by Terence

Illustrated notes

Levels and vault maps discovered:
D:1:      dpeg_arrival_central, layout_basic, basic_ecumenical_altar
D:2:      layout_loops_ring, basic_altar
D:3:      layout_basic, kennysheep_vampire_church, minmay_misc_feat_chi,
          minmay_misc_feat_iff, uniq_terence, uniq_crazy_yiuf_cottage

Skill      XL: |  1  2  3  4 |
---------------+-------------+-----
Axes           | 2 3 |  3.0
Shields        | 3 |  3.6
Fighting       | |  3.2
Armour         | |  2.6

Action                     |  1- 3 |  4- 6 || total
---------------------------+-------+-------++-------
  Melee: War axe           |   145 |    16 ||   161
    Use: Potion            |       |     1 ||     1
 Armour: Scale mail        |    76 |     3 ||    79
  Dodge: Dodged            |    71 |     6 ||    77
  Block: Buckler           |    32 |     4 ||    36

Table legend: (Time is in decaauts)
 A = Elapsed time spent in this place.
 B = Non-inter-level travel time spent in this place.
 C = Inter-level travel time spent in this place.
 D = Time resting spent in this place.
 E = Time spent auto-exploring this place.
 F = Levels seen in this place.
 G = Mean time per level.
                   A        B        C        D        E       F      G
               +--------+--------+--------+--------+--------+-----+--------+
         Total |   2057 |   1993 |     64 |    148 |   1461 |   3 |  685.7 |
       Dungeon |   2057 |   1993 |     64 |    148 |   1461 |   3 |  685.7 |
               +--------+--------+--------+--------+--------+-----+--------+

Top non-repeatable levels by time:
     D:1: 1181 daAuts
     D:2: 686 daAuts
     D:3: 188 daAuts
